 Dungeon Crawl Stone Soup version 0.20-a0-923-g548304e (webtiles) character file.

74 volk64 the Slasher (level 4, 0/33 HPs)
             Began as a Demonspawn Gladiator on Mar 26, 2017.
             Slain by a sky beast (5 damage)
             ... on level 3 of the Dungeon.
             The game lasted 00:02:59 (1623 turns).

volk64 the Slasher (Demonspawn Gladiator)           Turns: 1623, Time: 00:03:00

Health: 0/33       AC: 11    Str: 14    XL:     4   Next: 9%
Magic:  4/4        EV: 11    Int: 10    God:
Gold:   31         SH:  0    Dex: 20    Spells: 3/3 levels left

rFire    . . .     SeeInvis .   a - +0 long sword
rCold    . . .     Gourm    .   (no shield)
rNeg     . . .     Faith    .   j - +0 scale mail
rPois    .         Spirit   .   c - +0 helmet
rElec    .         Reflect  .   s - +0 cloak
rCorr    .         Harm     .   (no gloves)
MR       .....                  (no boots)
Stlth    ..........             (no amulet)
Regen    0.2/turn               i - +5 ring of dexterity (curse)
MPRegen  0.1/turn               (no ring)

@: no status effects
A: slimy green scales 2
a: no special abilities


You were on level 3 of the Dungeon.
You were hungry.

You visited 1 branch of the dungeon, and saw 3 of its levels.

You collected 31 gold pieces.

Inventory:

Hand Weapons
 a - a +0 long sword (weapon)
Missiles
 d - 3 throwing nets (quivered)
Armour
 b - a +0 leather armour
 c - a +0 helmet (worn)
 j - a +0 scale mail (worn)
 s - a +0 cloak (worn)
Jewellery
 i - a cursed +5 ring of dexterity (left hand)
 p - an uncursed ring of fire {unknown}
 q - an uncursed ring of flight {unknown}
 r - an uncursed ring of protection from magic {unknown}
 u - an uncursed ring of positive energy {unknown}
Scrolls
 e - 3 scrolls of identify
 g - 2 scrolls of remove curse {unknown}
 l - 2 scrolls of amnesia {unknown}
Potions
 h - a potion of ambrosia {unknown}
 m - 2 potions of heal wounds {unknown}
 o - a potion of brilliance {unknown}
Books
 k - a book of Cantrips

   Spells                             Type                      Level
   a - Confusing Touch                Hexes                        1
   b - Animate Skeleton               Necromancy                   1
   c - Summon Small Mammal            Summoning                    1
   d - Apportation                    Translocation                1
Comestibles
 f - 5 bread rations
 n - a meat ration
 t - a chunk of flesh


   Skills:
 + Level 2.2 Fighting
 + Level 3.7 Long Blades
 + Level 1.8 Throwing
 + Level 0.3 Armour
 + Level 3.3 Dodging
 + Level 0.2 Stealth


You had 3 spell levels left.
You didn't know any spells.

Dungeon Overview and Level Annotations

Branches:
Dungeon (3/15)

Altars:
Ashenzari
Hepliaklqana
Kikubaaqudgha
Sif Muna
Vehumet


Innate Abilities, Weirdness & Mutations

You are mostly covered in slimy green scales. (AC +3)


Message History

You miss something.
A sky beast appears from thin air!
Reactivating autopickup.
The sky beast barely misses you. x2
Your scale mail prevents you from hitting the sky beast.
The sky beast is moderately wounded.
The sky beast hits you but does no damage.
You miss the sky beast.
The sky beast is moderately wounded.
The sky beast hits you but does no damage.
You miss the sky beast.
The sky beast is moderately wounded.
The sky beast closely misses you.
You hit the sky beast.
The sky beast is heavily wounded.
The sky beast flickers out of sight!
Deactivating autopickup; reactivate with Ctrl-A.
Something hits you.
* * * LOW HITPOINT WARNING * * *
Something shocks you.
You die...

............####.........#
...............#.).......##
............##(............
.............###.........##
.............###...........
..........................#
.......##########........##
.......# #...#.##.##
....... #@#......# ......
#{..#.#### ..... ......#
..... .##...## .... #. ...#
..( . ...# .. ## ...# .
.#..


There were no monsters in sight!

Vanquished Creatures
  2 adders (D:2)
  2 worms (D:3)
  2 dart slugs (D:1)
  A leopard gecko (D:1)
  2 bat zombies (D:2)
  10 goblins
  3 hobgoblins
  2 jackals (D:2)
  7 kobolds
  A ball python (D:1)
  4 bats
  3 frilled lizards (D:2)
  5 rats
  A rat zombie (D:2)
45 creatures vanquished.

Notes
Turn   | Place    | Note
-------+----------+-------------------------------------------
     0 | D:1      | volk64 the Demonspawn Gladiator began the quest for the Orb.
     0 | D:1      | Reached XP level 1. HP: 16/16 MP: 1/1
   241 | D:1      | Gained mutation: You are partially covered in slimy green scales. (AC +2) [demonic ancestry]
   241 | D:1      | Reached XP level 2. HP: 22/22 MP: 2/2
   680 | D:2      | Found a radiant altar of Vehumet.
   709 | D:2      | Reached XP level 3. HP: 26/27 MP: 3/3
   895 | D:2      | Found an ancient bone altar of Kikubaaqudgha.
   946 | D:2      | Found a deep blue altar of Sif Muna.
  1423 | D:3      | Found a hazy altar of Hepliaklqana.
  1439 | D:3      | Found a shattered altar of Ashenzari.
  1463 | D:3      | Gained mutation: You are mostly covered in slimy green scales. (AC +3) [demonic ancestry]
  1463 | D:3      | Reached XP level 4. HP: 27/33 MP: 4/4
  1600 | D:3      | Noticed a sky beast
  1623 | D:3      | Slain by a sky beast

Vault maps used:
D:1:      wheals_arrival_shading
D:2:      fiery_altar_vehumet, lemuel_zombie_altar_kikubaaqudgha, first_bread,
          led_sif_pool
D:3:      kennysheep_goblin_castle, nicolae_overflow_crystal_walls,
          lemuel_doored_altar, nicolae_ashenzari_panopticon

Skill      XL: |  1  2 |
---------------+-------+-----
Dodging        | 3 |  3.3
Long Blades    | 3 |  3.7
Fighting       | |  2.2
Throwing       | |  1.8
Armour         | |  0.3
Stealth        | |  0.2

Action                   |  1- 3 |  4- 6 || total
-------------------------+-------+-------++-------
Melee: Long sword        |   110 |    28 ||   138
  Use: Scroll            |     1 |       ||     1
 Stab: Sleeping          |     2 |       ||     2
  Eat: Chunk             |     1 |     1 ||     2
Armor: Leather armour    |     5 |       ||     5
       Scale mail        |    52 |    17 ||    69
Dodge: Dodged            |    75 |    10 ||    85
       Rpst.: Long sword |    24 |     1 ||    25
